 Dungeon Crawl Stone Soup version 0.21.1-1-g345015f (webtiles) character file.

4097 shitimlost the Covert (level 10, 0/74 HPs)
             Began as a Vampire Assassin on Mar 24, 2018.
             Slain by a yak (12 damage)
             ... on level 8 of the Dungeon.
             The game lasted 00:31:55 (12435 turns).

shitimlost the Covert (Vampire Assassin)           Turns: 12435, Time: 00:31:55

Health: 0/74       AC: 10    Str: 13    XL:     10   Next: 5%
Magic:  10/10      EV: 12    Int: 14    God:
Gold:   349        SH:  0    Dex: 16    Spells: 7/9 levels left

rFire    + . .     SeeInvis +   k - +1 rapier
rCold    . . .     Gourm    .   (no shield)
rNeg     + + .     Faith    .   v - +1 scale mail
rPois    .         Spirit   .   (no helmet)
rElec    .         Reflect  .   d - +0 cloak
rCorr    .         Harm     .   (no gloves)
MR       +....                  o - +0 pair of boots
Stlth    +++.......             (no amulet)
HPRegen  0.22/turn              s - ring of positive energy
MPRegen  0.12/turn              y - ring of protection from fire

@: no status effects
A: fangs 3, see invisible, unbreathing
a: Bat Form


You were on level 8 of the Dungeon.
You were not thirsty.

You visited 2 branches of the dungeon, and saw 9 of its levels.
You also visited: Ossuary.

You collected 349 gold pieces.

Inventory:

Hand Weapons
 a - a +2 dagger
 b - a +1 blowgun
 k - a +1 rapier (weapon)
 m - a +0 short sword
 x - a +0 long sword
 A - a +0 hunting sling
 B - a +0 arbalest
Missiles
 e - 13 poisoned needles
 f - a curare-tipped needle
 i - 179 stones
 l - 2 javelins (quivered)
 K - 3 tomahawks
Armour
 c - a +0 robe
 d - a +0 cloak (worn)
 n - a +0 ring mail
 o - a +0 pair of boots (worn)
 v - a +1 scale mail (worn)
Magical Staves
 E - an uncursed staff of wizardry {unknown}
 F - an uncursed staff of air {unknown}
Jewellery
 s - a ring of positive energy (left hand)
 y - a ring of protection from fire (right hand)
Wands
 h - a wand of acid (6)
 u - a wand of digging (13)
Scrolls
 j - 3 scrolls of remove curse
 q - 2 scrolls of enchant armour
 r - 3 scrolls of teleportation
 H - a scroll of identify
 I - a scroll of fog
Potions
 g - a potion of might {unknown}
 t - 2 potions of brilliance {unknown}
 w - 4 potions of curing
 z - a potion of flight {unknown}
 D - a potion of mutation {unknown}
 J - 2 potions of blood
Books
 p - a book of Minor Magic

   Spells                             Type                      Level
   a - Magic Dart                     Conjuration                  1
   b - Blink                          Translocation                2
   c - Call Imp                       Summoning                    2
   d - Slow                           Hexes                        2
   e - Conjure Flame                  Conjuration/Fire             3
   f - Mephitic Cloud                 Conjuration/Poison/Air       3
 C - a book of Callings

   Spells                             Type                      Level
   a - Summon Small Mammal            Summoning                    1
   b - Call Imp                       Summoning                    2
   c - Call Canine Familiar           Summoning                    3
   d - Summon Guardian Golem          Hexes/Summoning              3
   e - Summon Lightning Spire         Summoning/Air                4
   f - Summon Ice Beast               Ice/Summoning                4


   Skills:
 + Level 5.5 Fighting
 + Level 6.5 Short Blades
 + Level 4.9 Throwing
 + Level 4.4 Armour
 + Level 6.1 Dodging
 + Level 10.5 Stealth
 + Level 3.4 Translocations


You had 7 spell levels left.
You knew the following spells:

 Your Spells              Type           Power        Failure   Level  Hunger
a - Blink                 Tloc           N/A          41%         2    ###....


Dungeon Overview and Level Annotations

Branches:
Dungeon (8/15)             Temple (1/1) D:5
   Lair: D:8-11

Altars:
Ashenzari
Cheibriados
Dithmenos
Fedhas
Gozag
Makhleb
Okawaru
Qazlal
Ru
Sif Muna
Trog
Vehumet
Wu Jian
Xom
Yredelemnul
Zin
The Shining One

Shops:
D:6 :(::[

Annotations:
D:6 1 runed door, Menkaure


Innate Abilities, Weirdness & Mutations

You have razor-sharp teeth.
You have supernaturally acute eyesight. (SInv)
You can survive without breathing.


Message History

You hit the yak.
The yak is almost dead.
The yak gores you but does no damage.
You hit the yak.
You kill the yak!
You feel better. The yak gores you!
* * * LOW HITPOINT WARNING * * *
You hit the yak but do no damage.
The yak is severely wounded.
The yak misses you.
You puncture the yak!
The yak is almost dead.
The yak gores you.
* * * LOW HITPOINT WARNING * * *
You hit the yak.
The yak is almost dead.
You closely miss the yak.
The yak is almost dead.
The yak gores you!
You die...

#[# #.# #(#
#(# #(# .#
#(# #.# #(#
#.# #Y# #.#
#@# #.# #.#
#.##
#.######..#
#.........#
########..#
#..###.#
#......#
#.######
#.#


You could see a yak.

Vanquished Creatures
  An ugly thing (D:7)
  Grinder (D:6)
  A hippogriff (D:8)
  2 dream sheep (D:8)
  A yak (D:8)
  Eustachio (D:3)
  A sky beast (D:5)
  2 ice beasts (D:7)
  A necrophage (D:5)
  An orc warrior (D:7)
  5 ogres
  A phantom (D:6)
  A big kobold (D:8)
  2 elf zombies (Ossuary)
  2 bullfrogs
  A water moccasin zombie (D:6)
  2 scorpions
  A water moccasin skeleton (D:5)
  A howler monkey (D:6)
  A centaur zombie (Ossuary)
  2 crimson imps (D:5)
  A bullfrog zombie (D:6)
  A quasit (D:5)
  A human zombie (Ossuary)
  4 orc wizards
  5 hounds
  An iguana (D:6)
  A jelly (D:6)
  4 orc priests
  2 bullfrog skeletons (D:6)
  6 worker ants
  3 mummies (Ossuary)
  7 gnolls
  7 adders
  2 oozes (D:1)
  10 adder zombies
  2 adder skeletons
  2 worms
  2 dart slugs
  4 leopard geckos
  35 orcs
  9 giant cockroaches
  A gnoll zombie (Ossuary)
  7 goblins
  8 hobgoblins
  3 jackals (D:6)
  3 quokkas
  3 ball pythons
  8 bats
  6 frilled lizards
  4 goblin zombies (Ossuary)
  3 hobgoblin zombies (Ossuary)
  A jackal skeleton (D:4)
  2 jackal zombies (Ossuary)
  5 kobolds
  A kobold zombie (Ossuary)
  An orc zombie (Ossuary)
  3 quokka zombies (Ossuary)
  7 rats
  2 rat zombies (Ossuary)
208 creatures vanquished.

Notes
Turn   | Place    | Note
-------+----------+-------------------------------------------
     0 | D:1      | shitimlost the Vampire Assassin began the quest for the Orb.
     0 | D:1      | Reached XP level 1. HP: 16/16 MP: 1/1
   292 | D:1      | Reached skill level 6 in Stealth
   304 | D:1      | Reached XP level 2. HP: 22/22 MP: 2/2
   683 | D:1      | Reached XP level 3. HP: 23/27 MP: 3/3
  1474 | D:3      | Reached XP level 4. HP: 31/33 MP: 4/4
  2526 | D:3      | Reached XP level 5. HP: 36/39 MP: 5/5
  2812 | D:3      | Reached skill level 1 in Armour
  3058 | D:4      | Noticed Eustachio
  3573 | D:3      | Killed Eustachio
  3573 | D:3      | Reached skill level 7 in Stealth
  3573 | D:3      | Reached XP level 6. HP: 46/46 MP: 6/6
  4050 | D:4      | Reached XP level 7. HP: 52/52 MP: 7/7
  4288 | D:5      | Entered Level 5 of the Dungeon
  4797 | D:5      | HP: 2/52 [ogre/giant spiked club (19)]
  5340 | D:5      | Reached skill level 8 in Stealth
  5529 | D:5      | Learned a level 2 spell: Blink
  5887 | D:5      | Reached XP level 8. HP: 60/60 MP: 8/8
  5911 | D:5      | Found a staircase to the Ecumenical Temple.
  5951 | Temple   | Entered the Ecumenical Temple
  6239 | D:5      | Reached skill level 1 in Translocations
  7056 | D:6      | Found Wiryun's Book Shop.
  7277 | D:6      | Reached skill level 5 in Short Blades
  7599 | D:6      | Found Ycleur Bappe's Weapon Emporium.
  7624 | D:6      | Reached skill level 9 in Stealth
  8036 | D:6      | Noticed Menkaure
  8099 | D:6      | Found Lasick's Book Boutique.
  8126 | D:6      | Found Tiak's Antique Armour Emporium.
  8304 | D:6      | Found a runed door.
  8396 | D:6      | Found Kuadyimy's Book Shoppe.
  8454 | D:6      | Noticed Grinder
  8628 | D:6      | Paralysed by Grinder for 5 turns
  8645 | D:6      | Killed Grinder
  8645 | D:6      | Reached skill level 5 in Dodging
  8645 | D:6      | Reached XP level 9. HP: 47/66 MP: 9/9
  9543 | D:7      | Found a sand-covered staircase.
  9555 | Ossuary  | Entered an ossuary
 10193 | D:7      | Found a sacrificial altar of Ru.
 10245 | D:7      | Noticed a red ugly thing
 10872 | D:7      | Reached skill level 5 in Fighting
 11118 | D:7      | Killed a red ugly thing
 11118 | D:7      | Reached skill level 10 in Stealth
 12418 | D:8      | Reached XP level 10. HP: 25/74 MP: 8/10
 12435 | D:8      | Slain by a yak

Skill      XL: |  1  2  3  4  5  6  7  8  9 |
---------------+----------------------------+-----
Stealth        | 6 7 8 9 10 | 10.5
Fighting       | 2 3 4 5 |  5.5
Throwing       | 2 3 4 |  4.9
Dodging        | 2 3 4 5 6 |  6.1
Short Blades   | 3 4 5 6 |  6.5
Armour         | 1 2 3 4 |  4.4
Translocations | 2 3 |  3.4

Action                   |  1- 3 |  4- 6 |  7- 9 | 10-12 || total
-------------------------+-------+-------+-------+-------++-------
Melee: Dagger            |   125 |    76 |       |       ||   201
       Bite              |     9 |    18 |    75 |     1 ||   103
       Short sword       |       |    49 |       |       ||    49
       Rapier            |       |    54 |   691 |    13 ||   758
 Fire: Blowgun           |       |    16 |    65 |     1 ||    82
Throw: Stone             |     6 |    13 |     3 |       ||    22
       Javelin           |       |     2 |     7 |       ||     9
 Abil: End Transformatio |       |       |     5 |       ||     5
       Bat Form          |       |       |     5 |       ||     5
Evoke: Wand              |       |       |       |     1 ||     1
  Use: Potion            |     1 |     4 |    12 |     1 ||    18
       Scroll            |       |     5 |    10 |       ||    15
 Stab: Sleeping          |    13 |     9 |    14 |       ||    36
  Eat: Corpse            |       |     4 |    11 |       ||    15
Armor: Robe              |     9 |       |       |       ||     9
       Ring mail         |    17 |       |       |       ||    17
       Scale mail        |     5 |    91 |   287 |     2 ||   385
Dodge: Dodged            |    59 |    63 |   378 |     5 ||   505
